 Dungeon Crawl Stone Soup version 0.31-a0-870-g10ed682358 (webtiles) character file.

Game seed: 11092112653961498050

2489 Bnni the Jinx (level 9, 0/68 HPs)
             Began as a Formicid Hexslinger on Oct 12, 2023.
             Was an Initiate of Hepliaklqana.
             Killed from afar by a steam dragon (12 damage)
             ... with a ball of steam
             ... on level 7 of the Dungeon.
             The game lasted 00:09:50 (6305 turns).

Bnni the Jinx (Formicid Hexslinger)                 Turns: 6305, Time: 00:09:51

Health: 0/68       AC:  4    Str: 12    XL:     9   Next: 81%
Magic:  14/16      EV: 12    Int: 14    God:    Hepliaklqana [......]
Gold:   283        SH:  5    Dex: 20    Spells: 1/17 levels left

rFire   . . .        C - +0 orcbow
rCold   . . .        (no shield)
rNeg    . . .        c - +0 robe
rPois   .            (helmet unavailable)
rElec   .            p - +0 cloak
rCorr   .            (no gloves)
SInv    +            t - +0 pair of boots
Will    .....        g - amulet of reflection
Stlth   ++           d - +4 ring of slaying
HPRegen 0.31/turn    (no ring)
MPRegen 0.15/turn

%: reflection
@: weak-willed, jinxed
A: permanent stasis, dig shafts and tunnels, antennae 3, four strong arms
a: Dig, Shaft Self, Renounce Religion


You were on level 7 of the Dungeon.
You worshipped Hepliaklqana.
Hepliaklqana was noncommittal.
You visited 2 branches of the dungeon, and saw 8 of its levels.

You collected 283 gold pieces.

Inventory:

Hand Weapons
 C - a +0 orcbow (weapon)
 E - the +6 dagger "Qatuumum" {flame, rC+}
   (You found it on level 6 of the Dungeon)

   rC+:       It protects you from cold.
Missiles
 j - 5 throwing nets
 y - 22 poisoned darts
Armour
 c - a +0 robe (worn)
 p - a +0 cloak (worn)
 t - a +0 pair of boots (worn)
Jewellery
 d - a +4 ring of slaying (left hand)
 g - an amulet of reflection (around neck)
Wands
 o - a wand of charming (15)
 z - a wand of acid (29)
Scrolls
 b - a scroll of poison
 e - 3 scrolls of enchant weapon {unknown}
 f - 4 scrolls of noise {unknown}
 h - 4 scrolls of teleportation {unknown}
 k - a scroll of immolation {unknown}
 q - a scroll of fear {unknown}
 r - 2 scrolls of amnesia {unknown}
 s - 4 scrolls of blinking {unknown}
 w - a scroll of fog {unknown}
 x - a scroll of vulnerability {unknown}
 B - a scroll of revelation {unknown}
 D - a scroll of torment {unknown}
Potions
 a - a potion of resistance {unknown}
 l - 3 potions of brilliance
 m - a potion of might {unknown}
 n - a potion of lignification {unknown}
 u - a potion of cancellation {unknown}
 v - 2 potions of heal wounds {unknown}
 A - 2 potions of invisibility {unknown}


   Skills:
 + Level 5.3 Fighting
 * Level 7.2 Ranged Weapons
 - Level 1.7 Dodging
 + Level 4.8 Spellcasting
 * Level 9.1 Hexes
 + Level 2.0 Necromancy
 - Level 1.0 Fire Magic
 + Level 2.4 Earth Magic
 + Level 1.4 Invocations


You had one spell level left.
You knew the following spells:

 Your Spells              Type           Power      Damage    Failure   Level
a - Jinxbite              Hex            58%        N/A       1%          2
b - Inner Flame           Hex/Fire       17%        N/A       7%          3
c - Dimensional Bullseye  Hex/Tloc       8%         N/A       26%         4
d - Cause Fear            Hex            14%        N/A       4%          4
o - Sigil of Binding      Hex            29%        N/A       1%          3

Your spell library contained the following spells:

 Spells                   Type           Power      Damage    Failure   Level
 Static Discharge         Conj/Air       6%         2-3/arc   26%         2
 Gell's Gravitas          Tloc           3%         N/A       47%         3
 Teleport Other           Tloc           3%         N/A       47%         3
 Airstrike                Air            1%         2d(1-17)  87%         4
 Summon Lightning Spire   Summ/Air       3%         N/A       87%         4
 Borgnjor's Vile Clutch   Necr/Erth      4%         N/A       89%         5
 Alistair's Intoxication  Tmut/Pois      2%         N/A       99%         5
 Dispersal                Tloc           1%         N/A       100%        6
 Eringya's Noxious Bog    Tmut/Pois      1%         4d6       100%        6


Dungeon Overview and Level Annotations

Branches:
Dungeon (7/15)             Temple (1/1) D:5

Altars:
Ashenzari
Dithmenos
Elyvilon
Fedhas
Gozag
Hepliaklqana
Kikubaaqudgha
Makhleb
Nemelex Xobeh
Qazlal
Ru
Sif Muna
Trog
Uskayaw
Vehumet
Wu Jian
Xom
Yredelemnul
Zin
The Shining One


Innate Abilities, Weirdness & Mutations

You cannot be hasted, slowed, berserked, paralysed or teleported.
You can dig through walls and to a lower floor.
You have a pair of large antennae on your head. (SInv)
Your four strong arms can wield two-handed weapons with a shield.


Message History

Aim: a steam dragon (steam, severely wounded, chance to call a sprite on attack: 59%, 66% to hit)
You shoot an arrow. The arrow hits the steam dragon.
The steam dragon is severely wounded.
The steam dragon breathes steam at you. The ball of steam hits you!!
You hear a shout!
Fire: C) +0 orcbow
Press: ? - help, Shift-Dir - straight line, f/p - steam dragon
Aim: a steam dragon (severely wounded, chance to call a sprite on attack: 59%, 66% to hit)
You shoot an arrow.
The arrow hits the steam dragon but does no damage.
The steam dragon is severely wounded.
You are engulfed in a cloud of scalding steam.
The steam dragon breathes steam at you. The ball of steam hits you!
* * * LOW HITPOINT WARNING * * *
Unknown command.
Fire: C) +0 orcbow
Press: ? - help, Shift-Dir - straight line, f/p - steam dragon
Aim: a steam dragon (severely wounded, catching its breath, chance to call a sprite on attack: 59%, 66% to hit)
You shoot an arrow. The arrow hits the steam dragon.
The steam dragon is almost dead.
A giggling sprite leaps out and makes the steam dragon trip over its own talons.
The steam dragon is almost dead.
You are engulfed in a cloud of scalding steam.
* * * LOW HITPOINT WARNING * * *
A howler monkey comes into view.
You block the steam dragon's attack. The steam dragon misses you.
Fire: C) +0 orcbow
Press: ? - help, Shift-Dir - straight line, f/p - steam dragon
Aim: a steam dragon (steam, almost dead, catching its breath, heavily drained, chance to call a sprite on attack: 67%, 66% to hit)
You shoot an arrow.
The arrow barely misses the steam dragon.
The arrow hits the howler monkey.
The howler monkey is moderately wounded.
You block the steam dragon's attack. The steam dragon barely misses you.
The howler monkey hoots and howls with incredible vigour!
The steam dragon breathes steam at you. The ball of steam hits you!
You die...

#.........# .
#.........#.#.#
.# #.
#........#.#.#
....
#...)..§.#...#
.#.
#......§.....#
..####........#.#
..# #.###......#
#.# #.#.§....#.#
##.###.#.#@#.## #
#.........D#.#
#.#.###..#.# #
+(....#......#h#
#....)####...#.#
...###..#
#h#'#.., ## #F.)
.....##
#.)),..>....
#...,#.# ...


You could see a steam dragon (catching breath, very drained) and 2 howler
monkeys.

Vanquished Creatures
  Grinder (D:5)
  A water moccasin (D:5)
  A black bear (D:6)
  A sky beast (D:7)
  An ogre (D:5)
  The ghost of GreedOfGod the Trooper, an amateur DsFi (D:3)
  A centaur (D:5)
  2 phantoms
  A gnoll sergeant (D:7)
  2 scorpions
  5 wights
  A water moccasin skeleton (D:3)
  5 killer bees (D:5)
  2 howler monkeys (D:4)
  A bullfrog zombie (D:3)
  2 jellies
  A hound (D:4)
  A bullfrog skeleton (D:3)
  2 gnoll boudas (D:5)
  A sleepcap (D:6)
  Ijyb (D:4)
  3 iguanas
  Terence (D:2)
  3 orc wizards (D:6)
  Natasha (thrice) (D:2)
  A killer bee zombie (D:3)
  16 gnolls
  5 adders
  2 white imps (D:7)
  3 worms (D:2)
  A dart slug (D:1)
  7 orcs
  8 ball pythons
  2 bats (D:2)
  9 endoplasms
  3 giant cockroaches
  4 hobgoblins
  4 jackals
  A frilled lizard (D:2)
  3 goblins
  5 kobolds
  3 rats
121 creatures vanquished.

Notes
Turn   | Place    | Note
-------+----------+-------------------------------------------
     0 | D:1      | Bnni the Formicid Hexslinger began the quest for the Orb.
     0 | D:1      | Reached XP level 1. HP: 15/15 MP: 2/2
    88 | D:1      | Reached XP level 2. HP: 13/21 MP: 3/3
    91 | D:1      | Learned a level 2 spell: Jinxbite
   258 | D:1      | Reached skill level 4 in Hexes
   704 | D:2      | Noticed Terence
   710 | D:2      | Killed Terence
   711 | D:2      | Reached XP level 3. HP: 27/27 MP: 2/5
   715 | D:2      | Learned a level 3 spell: Inner Flame
   789 | D:2      | Reached XP level 4. HP: 33/33 MP: 6/6
   939 | D:2      | Noticed Natasha
   941 | D:2      | Killed Natasha
   974 | D:2      | Reached XP level 5. HP: 38/38 MP: 6/8
  1250 | D:2      | Noticed Natasha
  1255 | D:2      | Killed Natasha
  1256 | D:2      | Reached skill level 5 in Hexes
  1285 | D:2      | Noticed Natasha
  1292 | D:2      | Killed Natasha
  1588 | D:3      | Reached XP level 6. HP: 45/45 MP: 9/9
  1591 | D:3      | Found a runed translucent gate.
  1591 | D:3      | Found a runed translucent gate.
  1591 | D:3      | Found a runed translucent gate.
  1596 | D:3      | Noticed GreedOfGod's ghost (amateur DsFi)
  1604 | D:3      | Learned a level 4 spell: Cause Fear
  1713 | D:3      | Found a broken altar of Ashenzari.
  1801 | D:3      | Found a basalt altar of Yredelemnul.
  2336 | D:3      | Killed GreedOfGod's ghost
  2344 | D:3      | Reached XP level 7. HP: 16/51 MP: 4/11
  2583 | D:4      | Reached skill level 6 in Hexes
  2734 | D:3      | Reached skill level 5 in Ranged Weapons
  3103 | D:4      | Reached XP level 8. HP: 58/58 MP: 8/13
  3264 | D:4      | Reached skill level 7 in Hexes
  3307 | D:4      | Noticed Ijyb
  3315 | D:4      | Killed Ijyb
  4120 | D:5      | Entered Level 5 of the Dungeon
  4130 | D:5      | Learned a level 3 spell: Sigil of Binding
  4131 | D:5      | Noticed Grinder
  4139 | D:5      | Killed Grinder
  4159 | D:5      | Found a stormy altar of Qazlal.
  4223 | D:5      | Reached skill level 8 in Hexes
  4325 | D:5      | Reached XP level 9. HP: 61/66 MP: 13/15
  4330 | D:5      | Learned a level 4 spell: Dimensional Bullseye
  4831 | D:5      | Reached skill level 1 in Earth Magic
  4911 | D:5      | Reached skill level 1 in Necromancy
  5317 | D:5      | Found a staircase to the Ecumenical Temple.
  5325 | Temple   | Entered the Ecumenical Temple
  5338 | Temple   | Became a worshipper of Hepliaklqana the Forgotten
  5519 | D:5      | Reached skill level 5 in Fighting
  5801 | D:6      | Reached skill level 9 in Hexes
  5852 | D:6      | Identified the +6 dagger "Qatuumum" {flame, rC+}
  5903 | D:6      | Reached skill level 1 in Invocations
  5996 | D:6      | Found a shimmering blue altar of Sif Muna.
  6143 | D:7      | Noticed a hornet
  6305 | D:7      | Killed from afar by a steam dragon

Illustrated notes

Levels and vault maps discovered:
D:1:      minmay_arrival_doors, layout_loops_cross, grunt_decor_mini_mirrors
D:2:      layout_loops_ring, hex_medium, dk_noncrumbling_4,
          kennysheep_nondescript, uniq_terence, uniq_natasha
D:3:      layout_loops_ring, mainiacjoe_overflow_alcove_2,
          nicolae_overflow_hidden_temple, gammafunk_ghost_necromancy
D:4:      layout_basic, uniq_ijyb
D:5:      layout_gridville, overflow_temple_1_default,
          minmay_temple_entry_arrows, uniq_grinder
D:6:      layout_loops_cross, led_sif_book
D:7:      layout_basic
Temple:   eino_temple_scatter_basement

Skill      XL: |  1  2  3  4  5  6  7  8  9 |
---------------+----------------------------+-----
Hexes          | 4 5 6 8 9 |  9.1
Ranged Weapons | 3 4 5 6 7 |  7.2
Fighting       | 2 3 4 5 |  5.3
Spellcasting   | 2 3 4 |  4.8
Earth Magic    | 2 |  2.4
Necromancy     | 2 |  2.0
Invocations    | 1 |  1.4
Dodging        | |  1.7
Fire Magic     | |  1.0

Action                     |  1- 3 |  4- 6 |  7- 9 || total
---------------------------+-------+-------+-------++-------
   Fire: Sling             |    48 |    84 |   198 ||   330
         Orcbow            |       |       |    88 ||    88
   Cast: Jinxbite          |     1 |     6 |    23 ||    30
         Inner Flame       |       |       |     8 ||     8
         Cause Fear        |       |       |     4 ||     4
         Sigil of Binding  |       |       |     1 ||     1
Ability: Dig               |       |       |     2 ||     2
    Use: Scroll            |     1 |       |     2 ||     3
         Potion            |       |       |     1 ||     1
 Armour: Robe              |     7 |    22 |   112 ||   141
  Dodge: Dodged            |     3 |    21 |    99 ||   123
  Block: Other             |       |    12 |    26 ||    38
         Reflection        |       |       |     1 ||     1

Table legend: (Time is in decaauts)
 A = Elapsed time spent in this place.
 B = Non-inter-level travel time spent in this place.
 C = Inter-level travel time spent in this place.
 D = Time resting spent in this place.
 E = Time spent auto-exploring this place.
 F = Levels seen in this place.
 G = Mean time per level.
                   A        B        C        D        E       F      G
               +--------+--------+--------+--------+--------+-----+--------+
         Total |   6380 |   6036 |    344 |   1099 |   3907 |   8 |  797.5 |
       Dungeon |   6353 |   6033 |    320 |   1099 |   3907 |   7 |  907.6 |
        Temple |     26 |      2 |     24 |      0 |      0 |   1 |   26.0 |
               +--------+--------+--------+--------+--------+-----+--------+

Top non-repeatable levels by time:
     D:3: 1428 daAuts
     D:4: 1388 daAuts
     D:5: 1167 daAuts
     D:2: 962 daAuts
     D:6: 683 daAuts
     D:1: 645 daAuts
     D:7: 76 daAuts
  Temple: 26 daAuts
